 Dungeon Crawl Stone Soup version 0.15.2 (webtiles) character file.

48 magipi the Scratcher (level 3, -3/25 HPs)
             Began as a Felid Berserker on Apr 6, 2017.
             Was a Believer of Trog.
             Killed from afar by Sigmund (6 damage)
             ... with a wand of magic darts
             ... on Level 2 of the Dungeon.
             The game lasted 00:06:30 (1453 turns).

magipi the Scratcher (Felid Berserker)              Turns: 1453, Time: 00:06:30

HP  -3/25        AC  1     Str 18      XL: 3   Next: 50%
MP   5/5         EV 19     Int  8      God: Trog [**....]
Gold 58          SH  0     Dex 16      Spells:  0 memorised,  2 levels left
Lives: 0, deaths: 0

rFire  . . .     SeeInvis +       - Unarmed
rCold  . . .     Clarity  .     (armour unavailable)
rNeg   . . .     rCorr    .     (shield unavailable)
rPois  .         rRot     .     (helmet unavailable)
rElec  .         Spirit   .     (cloak unavailable)
SustAb .         Warding  .     (gloves unavailable)
rMut   .         Stasis   .     (boots unavailable)
Gourm  .                        (no amulet)
MR     ++...                    (no ring)
                                (no ring)

@: berserking, regenerating, very quick, very resistant to hostile enchantments,
extremely unstealthy
A: paw claws, no armour, no weapons or thrown items, fangs 3, see invisible,
carnivore 3, speed 1, shaggy fur 1, slow metabolism 1, jump 1
a: Jump Attack, Burn Spellbooks, Berserk, Trog's Hand, Renounce Religion


You were on level 2 of the Dungeon.
You worshipped Trog.
Trog was pleased with you.
You were full.

You visited 1 branch of the dungeon, and saw 2 of its levels.

You collected 58 gold pieces.

Inventory:

Comestibles
 c - a meat ration
Scrolls
 b - a scroll of noise {unknown}
 d - a scroll of enchant weapon {unknown}
 e - a scroll of fear {unknown}
 f - a scroll of random uselessness {unknown}
Jewellery
 g - an uncursed amulet of warding {unknown}
Potions
 a - a potion of magic {unknown}


   Skills:
 - Level 3.0 Fighting
 - Level 4.0 Dodging
 + Level 2.3 Stealth
 * Level 4.1 Unarmed Combat


You had 2 spell levels left.
You didn't know any spells.

Dungeon Overview and Level Annotations

Branches:
Dungeon (2/15)

Altars:

Annotations:
D:2 Jessica, Sigmund


Innate Abilities, Weirdness & Mutations

You cannot wear armour.
You are incapable of wielding weapons or throwing items.
Your paws have sharp claws.
You have razor-sharp teeth.
You have supernaturally acute eyesight.
You are carnivorous and can eat meat at any time.
You cover ground quickly.
You are covered in fur (AC +1).
You have a slow metabolism.
You can jump attack at a short distance.

Vault maps used:
D:1:      dpeg_arrival_chase
D:2:      grunt_ministairs_10, uniq_sigmund, uniq_jessica


Message History

You see here a rat corpse.
You start butchering the rat corpse.
You continue butchering the corpse.
You continue butchering the corpse. x2
You finish butchering the rat corpse.
g - a chunk of rat flesh You see here a rat skeleton.
Eat a chunk of rat flesh? (ye/n/q/i?) This raw flesh tastes great.
You continue eating. x2
Jessica the Apprentice Sorceress comes into view.
She is wielding a dagger.
You see here a rat skeleton.
HP restored.
The adder is too close now for your liking.
Use which ability? (? or * to list)
A red film seems to cover your vision as you go berserk!
You feel yourself moving faster!
You feel mighty!
You feel somewhat less full.
You mangle the adder!!
You kill the adder!
Trog accepts your kill.
You see here an adder corpse.
You offer a prayer to Trog.
The adder corpse is slowly consumed by flames.
Trog is pleased with you.
You feel a strong urge to attack something.
You start waiting.
You feel your anger subside.
You start waiting.
You are no longer berserk.
You are exhausted.
You feel yourself slow down.
You start waiting.
You feel yourself speed up.
You feel less exhausted.
You now have 47 gold pieces (gained 12).
The giant cockroach barely misses you.
You scratch the giant cockroach but do no damage.
The giant cockroach misses you.
You closely miss the giant cockroach. The giant cockroach closely misses you.
You scratch the giant cockroach.
The giant cockroach is moderately wounded.
The giant cockroach completely misses you.
You scratch the giant cockroach.
You kill the giant cockroach!
Trog accepts your kill.
You see here a giant cockroach corpse.
You offer a prayer to Trog.
The giant cockroach corpse is consumed in a column of flame.
Trog is pleased with you.
You now have 58 gold pieces (gained 11).
g - a dented lapis lazuli amulet
Found a mace.
Read which item? (? for menu, Esc to quit)
Okay, then.
Found a stone staircase leading down.
A worm comes into view.
You see here a mace.
An ooze comes into view.
The ooze misses you.
You claw the ooze!
The ooze is heavily wounded.
You scratch the ooze.
The ooze is almost dead.
The ooze hits you.
You scratch the ooze.
You kill the ooze!
Trog accepts your kill.
Found 19 stones and a short sword.
Found 11 arrows of dispersal.
Found a stone staircase leading down.
A worm comes into view.
Found an escape hatch in the ceiling.
Found a purple potion.
There is an escape hatch in the ceiling here.
Sigmund the Dreaded comes into view.
He is wielding a glowing scythe.
Sigmund shouts!
You see here a purple potion.
There is an escape hatch in the ceiling here.
Sigmund says, "You will soon forget everything."
You start waiting.
Use which ability? (? or * to list)
Your skin crawls.
You feel resistant to hostile enchantments.
You feel slightly less full.
Sigmund zaps a wand.
The magic dart hits you!
Ouch! That really hurt!
Unknown command.
Use which ability? (? or * to list)
A red film seems to cover your vision as you go berserk!
You feel yourself moving faster!
You feel mighty!
Sigmund zaps a wand.
The magic dart hits you!
* * * LOW HITPOINT WARNING * * *
You feel a strong urge to attack something.
You barely miss Sigmund. You bite Sigmund!
Sigmund is moderately wounded.
Sigmund barely misses you.
You claw Sigmund!
Sigmund begins to bleed from his wounds!
You bite Sigmund.
Sigmund is severely wounded.
You scratch Sigmund.
Sigmund is almost dead.
Sigmund zaps a wand.
The magic dart hits you!
You die...

w.....(####.............###
#......................
#.>....................
###.################### #.#
# . #.# ... #.# ..@ #.#####
.. #...@.# .. #####@# #.
######.# #. #......# .
#.####......#
.....#.!..@.###<###
#.............#
#.............#
#.............#


You could see Sigmund (bleeding).

Table legend:
 A = Kills in this place as a percentage of kills in entire the game.
 B = Kills by you in this place as a percentage of kills by you in the entire game.
 C = Kills by friends in this place as a percentage of kills by friends in the entire game.
 D = Other kills in this place as a percentage of other kills in the entire game.
 E = Experience gained in this place as a percentage of experience gained in the entire game.
 F = Experience gained in this place divided by the number of levels of this place that you have seen.
                   A       B       C       D       E      F
               +-------+-------+-------+-------+-------+----------------------
         Total | 100.0 | 100.0 |  -nan |  -nan | 100.0 |  34.5
       Dungeon | 100.0 | 100.0 |  -nan |  -nan | 100.0 |  34.5
               +-------+-------+-------+-------+-------+----------------------

Vanquished Creatures
  An adder (D:2)
  A giant gecko (D:1)
  An ooze (D:2)
  3 ball pythons
  3 giant cockroaches (D:2)
  7 hobgoblins
  5 bats
  3 giant newts (D:1)
  5 goblins
  2 kobolds (D:1)
  8 rats
39 creatures vanquished.

Notes
Turn   | Place    | Note
--------------------------------------------------------------
     0 | D:1      | magipi, the Felid Berserker, began the quest for the Orb.
     0 | D:1      | Reached XP level 1. HP: 10/10 MP: 2/2
   185 | D:1      | Reached XP level 2. HP: 14/14 MP: 3/3
   191 | D:1      | Reached skill level 1 in Stealth
   803 | D:1      | Acquired Trog's second power
  1128 | D:2      | Reached XP level 3. HP: 15/17 MP: 5/5
  1239 | D:2      | Noticed Jessica
  1428 | D:2      | Noticed Sigmund
  1449 | D:2      | HP: 1/25 [Sigmund/wand of magic darts (9)]
  1453 | D:2      | Killed from afar by Sigmund

Action                   || total
-------------------------++-------
Melee: Unarmed           ||    92
Invok: Berserk           ||     3
       Trog's Hand       ||     1
 Stab: Sleeping          ||     4
  Eat: Chunk             ||     8

Action                   || total
-------------------------++-------
Melee: Unarmed           ||    92
Invok: Berserk           ||     3
       Trog's Hand       ||     1
 Stab: Sleeping          ||     4
  Eat: Chunk             ||     8
